 Dungeon Sprint DCSS version 0.23.2-1-ga50397a6bc (webtiles) character file.

Game seed: 8348001068040837108

678 Kobolds4U the Unseen (level 7, -4/33 HPs)
             Began as a Spriggan Assassin on May 29, 2019.
             Was an Initiate of Trog.
             Slain by a centaur warrior (7 damage)
             ... in the Dungeon (Sprint I: "Red Sonja").
             The game lasted 00:03:08 (195 turns).

Kobolds4U the Unseen (Spriggan Assassin)             Turns: 195, Time: 00:03:09

Health: -4/33      AC:  3    Str:  7    XL:     7   Next: 34%
Magic:  8/8        EV: 29    Int: 12    God:    Trog [......]
Gold:   391        SH:  0    Dex: 20    Spells: 6/6 levels left

rFire    . . .     SeeInvis +   b - +0 blowgun
rCold    . . .     Gourm    .   (shield restricted)
rNeg     . . .     Faith    .   c - +0 robe
rPois    .         Spirit   .   (helmet restricted)
rElec    .         Reflect  .   d - +0 cloak
rCorr    .         Harm     .   (gloves unavailable)
MR       +....     NoTele   +   (boots unavailable)
Stlth    ++++++++..             (no amulet)
HPRegen  0.11/turn              (no ring)
MPRegen  0.11/turn              (no ring)

@: very slightly contaminated, very quick
A: very small, unfitting armour, see invisible, herbivore, speed 3, slow
metabolism 2
a: Renounce Religion


You were in the Dungeon.
You worshipped Trog.
Trog was noncommittal.
You were not hungry.

You visited 1 branch You collected 417 gold pieces.
You spent 26 gold pieces at shops.

Inventory:

Hand Weapons
 a - a +2 dagger
 b - a +0 blowgun (weapon)
Missiles
 e - 5 poisoned needles (quivered)
Armour
 c - a +0 robe (worn)
 d - a +0 cloak (worn)
Wands
 n - a wand of polymorph (5)
Scrolls
 o - a scroll of identify
Potions
 h - a potion of curing
 i - a potion of heal wounds
 j - a potion of haste
 k - 2 potions of magic
 l - a potion of berserk rage
Comestibles
 g - a ration


   Skills:
 - Level 1.5 Fighting
 - Level 2.1 Short Blades
 - Level 2.0 Throwing
 * Level 11.7 Dodging
 + Level 19.7 Stealth


You had 6 spell levels left.
You didn't know any spells.
Your spell library was empty.

Dungeon Overview and Level Annotations

Branches:
Dungeon (1/1)

Altars:
Cheibriados
Dithmenos
Elyvilon
Fedhas
Gozag
Hepliaklqana
Kikubaaqudgha
Makhleb
Nemelex Xobeh
Okawaru
Qazlal
Ru
Sif Muna
Trog
Uskayaw
Vehumet
Wu Jian
Xom
Yredelemnul
Zin
The Shining One
Jiyva
Lugonu

Shops:
D *


Innate Abilities, Weirdness & Mutations

You are very small and have problems with some larger weapons.
You are too small for most types of armour.
You have supernaturally acute eyesight. (SInv)
You are a herbivore.
You cover ground extremely quickly.
You need to consume almost no food.


Message History

Aim: a centaur warrior You shoot a poisoned needle.
The poisoned needle hits the centaur warrior.
The centaur warrior hits you.
* * * LOW HITPOINT WARNING * * *
The centaur warrior hits you.
* * * LOW HITPOINT WARNING * * *
Firing (i - inventory)
e - 7 poisoned needles (quivered)
Press: ? - help, Shift-Dir - straight line, f/p - centaur warrior
Aim: a centaur warrior You shoot a poisoned needle.
The poisoned needle hits the centaur warrior.
The centaur warrior misses you. The centaur warrior closely misses you.
Firing (i - inventory)
e - 6 poisoned needles (quivered)
Press: ? - help, Shift-Dir - straight line, f/p - centaur warrior
Aim: a centaur warrior (purple smoke)
You shoot a poisoned needle.
The poisoned needle hits the centaur warrior.
The centaur warrior is poisoned.
The centaur warrior hits you!
You die...

###################
#.['†.#.)'..#__#..+
'..#.)'..#..'..'..#
#####'#####'#__####
####..#...#|####§§#
#__####..##)#≈§§§c#
#_____##'#_.'≈§§@§+
#_.∩...'..._#≈§§§c#
#_..__##_.#§##+####
#_____###+#.#
####### ###


You could see 2 centaur warriors.

Vanquished Creatures
  A slime creature (D)
  Sigmund (D)
  A yak (D)
  An ogre (D)
  A boggart (D)
  Ijyb (D)
6 creatures vanquished.

Notes
Turn   | Place    | Note
-------+----------+-------------------------------------------
     0 | D        | Kobolds4U the Spriggan Assassin began the quest for the
                  | Orb.
     0 | D        | Reached XP level 1. HP: 10/10 MP: 2/2
     1 | D        | Noticed Ijyb
     4 | D        | Killed Ijyb
     4 | D        | Reached skill level 10 in Stealth
     4 | D        | Reached XP level 2. HP: 14/14 MP: 3/3
     7 | D        | Noticed an ogre
    10 | D        | Killed an ogre
    10 | D        | Reached skill level 14 in Stealth
    10 | D        | Reached XP level 3. HP: 18/18 MP: 4/4
    10 | D        | Reached XP level 4. HP: 22/22 MP: 5/5
    19 | D        | Noticed Sigmund
    22 | D        | Killed Sigmund
    22 | D        | Reached skill level 18 in Stealth
    22 | D        | Reached XP level 5. HP: 25/25 MP: 6/6
    34 | D        | Found a burning altar of Makhleb.
    34 | D        | Found a viscous altar of Jiyva.
    34 | D        | Found a shimmering altar of Xom.
    34 | D        | Found a corrupted altar of Lugonu.
    34 | D        | Noticed a slime creature
    37 | D        | Killed a slime creature
    37 | D        | Reached skill level 19 in Stealth
    37 | D        | Reached XP level 6. HP: 30/30 MP: 7/7
    54 | D        | Found an ornate altar of the Wu Jian Council.
    54 | D        | Found a deep blue altar of Sif Muna.
    56 | D        | Found a radiant altar of Vehumet.
    73 | D        | Reached skill level 10 in Dodging
    73 | D        | Reached XP level 7. HP: 30/33 MP: 8/8
    97 | D        | Found Kett's General Store.
    97 | D        | Found an ancient bone altar of Kikubaaqudgha.
    97 | D        | Found a hazy altar of Hepliaklqana.
    97 | D        | Found a stormy altar of Qazlal.
    97 | D        | Found a hide-covered altar of Uskayaw.
    97 | D        | Found a blossoming altar of Fedhas.
    97 | D        | Found a bloodstained altar of Trog.
    97 | D        | Found an iron altar of Okawaru.
    97 | D        | Found a basalt altar of Yredelemnul.
    97 | D        | Found a glowing golden altar of the Shining One.
    97 | D        | Found a snail-covered altar of Cheibriados.
    97 | D        | Found a sacrificial altar of Ru.
    97 | D        | Found a glowing silver altar of Zin.
    97 | D        | Found a shadowy altar of Dithmenos.
    97 | D        | Found a white marble altar of Elyvilon.
    97 | D        | Noticed a yak
    98 | D        | Found an opulent altar of Gozag.
   127 | D        | Killed a yak
   146 | D        | Found a sparkling altar of Nemelex Xobeh.
   152 | D        | Became a worshipper of Trog the Wrathful
   154 | D        | Bought a scroll of identify for 26 gold pieces
   186 | D        | Noticed a centaur warrior
   189 | D        | Noticed a centaur warrior
   195 | D        | Slain by a centaur warrior

Skill      XL: |  1  2  3  4  5  6  7 |
---------------+----------------------+-----
Stealth        | 10 14 18 19 | 19.7
Dodging        | 9 10 11 | 11.7
Fighting       | |  1.5
Short Blades   | |  2.1
Throwing       | |  2.0

Action                   |  1- 3 |  4- 6 |  7- 9 || total
-------------------------+-------+-------+-------++-------
Melee: Dagger            |     2 |    17 |     5 ||    24
 Fire: Blowgun           |       |       |    10 ||    10
Evoke: Wand              |       |     1 |       ||     1
  Use: Scroll            |       |       |     1 ||     1
 Stab: Sleeping          |     2 |     2 |       ||     4
Dodge: Dodged            |       |    16 |    11 ||    27
